 Dungeon Crawl Stone Soup version 0.23-a0-299-g9a66eeb (webtiles) character file.

8927 Felrender the Carver (level 11, -6/145 HPs)
             Began as a Minotaur Fighter on Oct 2, 2018.
             Was a High Priest of Okawaru.
             Mangled by an orc warlord
             ... wielding a +4 long sword of electrocution
              (12 damage)
             ... on level 10 of the Dungeon on Apr 12, 2020.
             The game lasted 00:26:34 (9020 turns).

Felrender the Carver (Minotaur Fighter)             Turns: 9020, Time: 00:26:34

Health: -6/145     AC: 32    Str: 25      XL:     11   Next: 16%
Magic:  8/10       EV:  2    Int:  6 (8)  God:    Okawaru [*****.]
Gold:   562        SH: 14    Dex: 10 (13) Spells: 10/10 levels left

rFire    . . .     SeeInvis .   a - +4 long sword (protect)
rCold    + . .     Gourm    .   c - +0 shield
rNeg     + + +     Faith    .   (armour currently unavailable)
rPois    +         Spirit   .   (helmet unavailable)
rElec    .         Reflect  .   (cloak currently unavailable)
rCorr    .         Harm     .   (gloves currently unavailable)
MR       .....     NoTele   +   (boots currently unavailable)
Stlth    +++.......             (no amulet)
HPRegen  0.34/turn              u - ring "Gasm" {Int+3 Dex+4}
MPRegen  0.12/turn              b - ring of protection from cold

@: tree-form, heroism, protection aura, hasted (expiring), very quick
A: (retaliatory headbutt), deterioration 1, wild magic 1
a: Heroism, Finesse, Renounce Religion


You were on level 10 of the Dungeon.
You worshipped Okawaru.
Okawaru was extremely pleased with you.
You were hungry.
You were a tree.
You visited 2 branches of the dungeon, and saw 12 of its levels.

You collected 652 gold pieces.
You spent 90 gold pieces at shops.

Inventory:

Hand Weapons
 a - a +4 long sword of protection (weapon)
 t - a +3 rapier
 B - a cursed +3 halberd
 H - a +3 long sword
Missiles
 y - 5 tomahawks (quivered)
Armour
 c - a +0 shield (worn)
 n - a +1 chain mail
 v - the cursed +0 cloak of the Harp (melded) {rCorr}
   (You found it on level 7 of the Dungeon)

   It provides partial protection from all sources of acid and corrosion.
   It has a curse placed upon it.
 x - a +2 hat
 C - a +0 plate armour
 G - a +0 pair of boots (melded)
 J - a +2 ring mail of fire resistance (melded)
Magical Staves
 z - an uncursed staff of power
Jewellery
 b - a ring of protection from cold (right branch)
 i - an uncursed amulet of harm
 u - the ring "Gasm" (left branch) {Int+3 Dex+4}
   (You found it on level 5 of the Dungeon)

   [ring of intelligence]

   It affects your intelligence (+3).
   It affects your dexterity (+4).
Wands
 D - a wand of flame (24)
Scrolls
 d - 3 scrolls of amnesia
 g - 2 scrolls of blinking
 j - 2 scrolls of teleportation
 r - a scroll of fear
 s - 2 scrolls of magic mapping
 E - a scroll of remove curse
 F - a scroll of torment {unknown}
 K - a scroll of holy word {unknown}
Potions
 e - a potion of lignification
 h - 2 potions of agility
 k - a potion of resistance {unknown}
 o - 2 potions of invisibility
 p - 2 potions of brilliance
 w - a potion of degeneration {unknown}
 A - a potion of berserk rage {unknown}
 I - a potion of flight {unknown}
Comestibles
 f - 8 rations


   Skills:
 + Level 9.1(14.1) Fighting
 + Level 12.8(17.8) Long Blades
 + Level 1.1(6.1) Throwing
 + Level 10.3(15.3) Armour
 + Level 3.0(8.0) Dodging
 + Level 0.9(5.9) Stealth
 + Level 10.0(15.0) Shields
 + Level 0.1 Invocations


You had 10 spell levels left.
You didn't know any spells.
Your spell library contained the following spells:

 Spells                   Type           Power        Failure   Level  Hunger
 Magic Dart               Conj           #...         54%         1    ##.....
 Searing Ray              Conj           #.....       67%         2    ###....
 Dazzling Spray           Conj/Hex       #.....       88%         3    ####...
 Force Lance              Conj/Tloc      #.......     99%         4    #####..
 Fulminant Prism          Conj/Hex       #.........   99%         4    #####..
 Iskenderun's Mystic Bla  Conj           #.......     99%         4    #####..


Dungeon Overview and Level Annotations

Branches:
Dungeon (11/15)            Temple (0/1) D:7             Orc (1/2) D:10
   Lair: D:8-11

Altars:
Hepliaklqana
Kikubaaqudgha
Okawaru
Ru
Sif Muna
Trog
Uskayaw
Wu Jian
Xom
Yredelemnul
Zin

Shops:
D:6 (

Annotations:
Orc:1 Erica


Innate Abilities, Weirdness & Mutations

((You reflexively headbutt those who attack you in melee.))
((You have a pair of large horns on your head.))
Your body sometimes deteriorates upon taking damage.
Your spells are a little harder to cast, but a little more powerful.


Message History

* * * LOW HITPOINT WARNING * * *
The orc warlord blocks your attack.
The orc warlord is heavily wounded.
You hit the orc warlord.
The orc warlord is heavily wounded.
The orc warlord barely misses you.
You hit the orc warlord.
The orc warlord is heavily wounded.
You hit the orc warlord but do no damage.
The orc warlord is heavily wounded.
You block the orc warlord's attack.
You hit the orc warlord.
The orc warlord is heavily wounded.
The orc warlord blocks your attack.
The orc warlord is heavily wounded.
You hit the orc warlord but do no damage.
The orc warlord is heavily wounded.
Your extra speed is starting to run out.
The orc warlord hits you with a long sword of electrocution!
You die...

##.# #..... #..#
#..... #.## #.....
#.# #..... ##.#
#..... #..# ####.....
#.## #........
#.########.##.....
#♣##..............
##o##..............
##.(##.............#
#)(###..............
##)###..o....>.....^.
#.[)..O.......).....#
#...............)....
#....................
#....................


You could see an orc warlord.

Vanquished Creatures
  Erolcha (D:10)
  2 two-headed ogres (D:8)
  Pikel (D:5)
  A troll (D:10)
  Grinder (D:4)
  The ghost of SFR the Charmwright, an amateur HuSk (D:4)
  A hippogriff (D:10)
  Eustachio (D:6)
  11 yaks (D:9)
  A hungry ghost (D:8)
  A water moccasin (D:9)
  An ice beast (D:10)
  7 orc warriors
  3 ogres
  3 phantoms
  A centaur (D:9)
  A big kobold (D:9)
  The ghost of TarVian the Chiller, an amateur GrIE (D:3)
  4 bullfrogs
  A gnoll sergeant (D:9)
  2 scorpions
  9 wights
  3 howler monkeys
  A bullfrog zombie (D:5)
  A crimson imp (D:6)
  A quasit (D:6)
  5 hounds
  2 jellies
  2 bullfrog skeletons
  10 orc priests
  Jessica (D:3)
  An iguana (D:4)
  5 orc wizards
  6 worker ants
  A hound skeleton (D:3)
  A worker ant zombie (D:7)
  10 gnolls
  A howler monkey skeleton (D:7)
  8 adders
  3 shadow imps
  2 oozes
  2 adder skeletons
  2 worms
  3 dart slugs
  3 leopard geckos
  44 orcs
  5 giant cockroaches
  8 hobgoblins
  4 jackals (D:4)
  11 kobolds
  4 quokkas
  2 ball pythons
  5 bats
  8 frilled lizards
  9 goblins
  2 leopard gecko skeletons
  A quokka zombie (D:3)
  7 rats
239 creatures vanquished.

Vanquished Creatures (others)
  2 slaves (D:5)
  A centaur (D:5)
  An orc priest (D:5)
  A bullfrog skeleton (D:5)
  An iguana (D:5)
  2 worker ants (D:5)
  A gnoll (D:5)
  2 orcs (D:5)
  A ball python (D:5)
  5 toadstools (D:1)
17 creatures vanquished.

Grand Total: 256 creatures vanquished

Notes
Turn   | Place    | Note
-------+----------+-------------------------------------------
     0 | D:1      | Felrender the Minotaur Fighter began the quest for the Orb.
     0 | D:1      | Reached XP level 1. HP: 19/19 MP: 0/0
   112 | D:1      | Reached XP level 2. HP: 27/27 MP: 1/1
   360 | D:1      | Gained mutation: Your body sometimes deteriorates upon
                  | taking damage. [potion of mutation]
   360 | D:1      | Gained mutation: Your spells are a little harder to cast,
                  | but a little more powerful. [potion of mutation]
   360 | D:1      | Gained mutation: You have a pair of large horns on your
                  | head. [potion of mutation]
   652 | D:2      | Reached XP level 3. HP: 29/33 MP: 2/2
   859 | D:2      | Upgraded the game from 0.23-a0-275-g0cf4261 to
                  | 0.23-a0-296-ga3b1b28
   913 | D:2      | Reached skill level 3 in Long Blades
  1300 | D:3      | Noticed Jessica
  1310 | D:3      | Killed Jessica
  1310 | D:3      | Reached XP level 4. HP: 36/40 MP: 3/3
  1417 | D:3      | Found a deep blue altar of Sif Muna.
  1470 | D:3      | Found Zin's Purification Station.
  1473 | D:3      | Found a glowing silver altar of Zin.
  1476 | D:3      | Bought a potion of curing for 90 gold pieces
  1510 | D:3      | Found a transporter.
  1513 | D:3      | Noticed a phantom
  1525 | D:3      | Found a transporter.
  1539 | D:3      | Noticed TarVian's ghost (amateur GrIE)
  1579 | D:3      | Found a hide-covered altar of Uskayaw.
  1666 | D:3      | Reached XP level 5. HP: 47/47 MP: 4/4
  1677 | D:3      | Found a faded altar of an unknown god.
  1683 | D:3      | Reached skill level 5 in Armour
  1754 | D:3      | Found a basalt altar of Yredelemnul.
  1754 | D:3      | Found an ancient bone altar of Kikubaaqudgha.
  1757 | D:3      | Found a hazy altar of Hepliaklqana.
  1842 | D:3      | Reached skill level 4 in Long Blades
  1847 | D:3      | Killed TarVian's ghost
  1851 | D:3      | Killed a phantom
  1851 | D:3      | Reached skill level 5 in Long Blades
  1851 | D:3      | Reached skill level 5 in Shields
  1851 | D:3      | Reached XP level 6. HP: 40/53 MP: 5/5
  2162 | D:4      | Found a runed gate.
  2163 | D:4      | Found a runed gate.
  2165 | D:4      | Found a runed gate.
  2166 | D:4      | Noticed SFR's ghost (amateur HuSk)
  2216 | D:4      | Reached skill level 5 in Fighting
  2240 | D:4      | Killed SFR's ghost
  2240 | D:4      | Reached skill level 6 in Long Blades
  2240 | D:4      | Reached skill level 1 in Dodging
  2240 | D:4      | Reached XP level 7. HP: 39/61 MP: 6/6
  2404 | D:4      | Noticed Grinder
  2407 | D:4      | Paralysed by Grinder for 5 turns
  2414 | D:4      | Paralysed by Grinder for 6 turns
  2428 | D:4      | Paralysed by Grinder for 6 turns
  2440 | D:4      | Paralysed by Grinder for 2 turns
  2451 | D:4      | Paralysed by Grinder for 7 turns
  2461 | D:4      | Killed Grinder
  3267 | D:4      | Upgraded the game from 0.23-a0-296-ga3b1b28 to
                  | 0.23-a0-299-g9a66eeb
  3307 | D:5      | Entered Level 5 of the Dungeon
  3343 | D:5      | Found a bloodstained altar of Trog.
  3354 | D:5      | Reached skill level 7 in Long Blades
  3372 | D:5      | Noticed Pikel
  3394 | D:5      | Killed Pikel
  3394 | D:5      | Reached XP level 8. HP: 21/71 MP: 7/7
  3488 | D:5      | Got a coiled bronze ring
  3703 | D:5      | Reached skill level 8 in Long Blades
  3741 | D:5      | Found an iron altar of Okawaru.
  3768 | D:5      | Became a worshipper of Warmaster Okawaru
  3867 | D:5      | Found a shimmering altar of Xom.
  3912 | D:5      | Identified the ring "Gasm" {Int+3 Dex+4} (You found it on
                  | level 5 of the Dungeon)
  3940 | D:5      | Found a sacrificial altar of Ru.
  4286 | D:6      | Noticed Eustachio
  4295 | D:6      | Killed Eustachio
  4769 | D:6      | Found Peniy's Antique Weapon Shop.
  4800 | D:7      | Found a staircase to the Ecumenical Temple.
  4830 | D:7      | Reached * piety under Okawaru
  5083 | D:7      | Reached XP level 9. HP: 78/78 MP: 8/8
  5100 | D:7      | Got a scorched cloak
  5207 | D:7      | Identified the cursed +0 cloak of the Harp {rCorr} (You
                  | found it on level 7 of the Dungeon)
  5465 | D:7      | Found an iron altar of Okawaru.
  5677 | D:8      | Reached skill level 9 in Long Blades
  5825 | D:8      | Noticed a two-headed ogre
  5842 | D:8      | Killed a two-headed ogre
  5842 | D:8      | Reached ** piety under Okawaru
  5842 | D:8      | Reached skill level 1 in Throwing
  6145 | D:8      | Reached skill level 10 in Long Blades
  6322 | D:8      | Noticed a two-headed ogre
  6336 | D:8      | Killed a two-headed ogre
  6336 | D:8      | Reached *** piety under Okawaru
  6336 | D:8      | Reached XP level 10. HP: 53/88 MP: 9/9
  6659 | D:8      | Reached **** piety under Okawaru
  7120 | D:9      | Reached skill level 11 in Long Blades
  7196 | D:9      | Reached skill level 10 in Armour
  7434 | D:9      | Reached ***** piety under Okawaru
  7754 | D:9      | Found an ornate altar of the Wu Jian Council.
  7882 | D:9      | Reached skill level 12 in Long Blades
  8074 | D:10     | Entered Level 10 of the Dungeon
  8455 | D:10     | Received a gift from Okawaru
  8455 | D:10     | Reached XP level 11. HP: 95/95 MP: 7/10
  8469 | D:10     | Found a staircase to the Orcish Mines.
  8575 | D:10     | Noticed Erolcha
  8582 | D:10     | Killed Erolcha
  8582 | D:10     | Reached skill level 10 in Shields
  8951 | Orc:1    | Entered Level 1 of the Orcish Mines
  8951 | Orc:1    | Noticed Erica
  8951 | Orc:1    | Noticed an orc warlord
  8965 | D:10     | HP: 4/97 [ogre/giant spiked club[an orc warlord] (9)]
  8967 | D:10     | HP: 1/97 [orc warlord/long sword of electrocution (4)]
  9013 | D:10     | HP: 5/145 [orc warlord/long sword of electrocution (9)]
  9020 | D:10     | Mangled by an orc warlord

Vault maps used:
D:1:      ldierk_walled_garden
D:3:      zin_purify, old_standard_altar, eat_drink_and_be_merry_uskayaw,
          minitemple, chequers_ecumenical_altar_island,
          gammafunk_ghost_mausoleum, uniq_jessica
D:4:      gammafunk_ghost_split, uniq_grinder
D:5:      xom_confusion_cloud, old_standard_altar, bloody_trog, first_ration,
          minmay_misc_feat_four_crosses, kennysheep_cluttered_room,
          hangedman_ru_absence, uniq_pikel
D:6:      serial_shops, nicolae_shop_stone, uniq_eustachio
D:7:      temple_pool_b, kennysheep_okawaru_gauntlet
D:8:      special_room
D:9:      nicolae_overflow_hidden_temple
D:10:     david_orc_3, uniq_erolcha
D:11:     erik_lair_orcish_takeover
Orc:1:    basic_altar, uniq_erica

Skill      XL: |  1  2  3  4  5  6  7  8  9 10 11 |
---------------+----------------------------------+-----
Armour         | 4 5 6 7 9 10 | 10.3
Fighting       | 4 5 6 7 8 9 |  9.1
Shields        | 4 5 6 7 9 10 | 10.0
Long Blades    | 3 5 6 7 8 10 12 | 12.8
Dodging        | 1 2 3 |  3.0
Throwing       | 1 |  1.1
Stealth        | |  0.9
Invocations    | |  0.1

Action                   |  1- 3 |  4- 6 |  7- 9 | 10-12 || total
-------------------------+-------+-------+-------+-------++-------
Melee: Long sword        |   104 |   105 |   283 |   247 ||   739
       Headbutt          |     9 |    17 |    62 |    59 ||   147
Throw: Tomahawk          |       |       |     5 |     3 ||     8
Invok: Heroism           |       |       |       |     4 ||     4
  Use: Scroll            |     9 |     3 |    15 |     3 ||    30
       Potion            |     1 |     3 |     4 |     9 ||    17
  Eat: Chunk             |     1 |     2 |     3 |     2 ||     8
       Ration            |       |     1 |     4 |     1 ||     6
Armor: Scale mail        |    43 |       |       |       ||    43
       Chain mail        |    17 |    66 |    95 |       ||   178
       Skin              |       |     3 |       |     3 ||     6
       Plate armour      |       |       |    34 |    90 ||   124
       Ring mail         |       |       |       |     4 ||     4
Dodge: Dodged            |    33 |    36 |    62 |    50 ||   181
Block: Shield            |    76 |    55 |   152 |   139 ||   422
       Rpst.: Long sword |     5 |     4 |    14 |    14 ||    37

Table legend:
 A = Non-vault XP
 B = Vault XP
 C = Vault XP percentage of total XP
 D = Non-vault monster count
 E = Vault monster count
 F = Vault count percentage of total count
                 A         B        C        D         E       F
            +---------+---------+-------+---------+---------+-------
      Total |    9351 |    3402 |  26.7 |     199 |      40 |  16.7
            +---------+---------+-------+---------+---------+-------
        D:1 |      38 |       0 |   0.0 |      18 |       0 |   0.0
        D:2 |      30 |       0 |   0.0 |      16 |       0 |   0.0
        D:3 |     104 |     315 |  75.2 |      22 |       6 |  21.4
        D:4 |     202 |     615 |  75.3 |      12 |       6 |  33.3
        D:5 |     210 |     781 |  78.8 |      12 |       4 |  25.0
        D:6 |     206 |     208 |  50.2 |       8 |       1 |  11.1
        D:7 |     599 |       4 |   0.7 |      17 |       2 |  10.5
        D:8 |    2999 |     212 |   6.6 |      25 |      16 |  39.0
        D:9 |    3937 |       0 |   0.0 |      56 |       0 |   0.0
       D:10 |    1026 |    1267 |  55.3 |      13 |       5 |  27.8
            +---------+---------+-------+---------+---------+-------
